 Dungeon Sprint DCSS version 0.21.1-1-g345015f (webtiles) character file.

10504 equalderp2856 the Severer (level 11, 78/78 (79) HPs)
             Began as a Minotaur Fighter on May 22, 2018.
             Was an Initiate of Gozag.
             Starved to death
             ... in the Dungeon (Sprint I: "Red Sonja").
             The game lasted 00:10:59 (3972 turns).

equalderp2856 the Severer (Minotaur Fighter)        Turns: 3972, Time: 00:11:00

HP:   78/78 (79)    AC: 10    Str: 17 (18) XL:     11   Next: 37%
MP:   8/8           EV: 11    Int:  1 (2)  God:    Gozag
Gold: 1724          SH: 13    Dex:  4 (7)  Spells: 10/10 levels left

rFire    . . .     SeeInvis .   a - +0 war axe
rCold    . . .     Gourm    .   c - +0 shield
rNeg     . . .     Faith    .   b - +0 scale mail
rPois    .         Spirit   .   (helmet restricted)
rElec    .         Reflect  .   (no cloak)
rCorr    .         Harm     .   r - +0 pair of gloves
MR       .....     Rnd*Rage +   q - +0 pair of boots Stlth ..........NoTele +
                                (no amulet)
HPRegen  0.23/turn              (no ring)
MPRegen  0.11/turn              (no ring)

@: gold aura, fainting, bribing [the Dungeon]
A: retaliatory headbutt, horns 2, berserk 3, blurry vision 3, clumsy 2, deformed
body, deterioration 2, dopey 2, frail 3, low mp 3, screaming 3, inhibited
regeneration, weak 2, no potion heal 3, subdued magic 3, MP-powered wands
a: Potion Petition, Call Merchant, Bribe Branch, Renounce Religion


You were in the Dungeon.
You worshipped Gozag.
Gozag was most pleased with you.
You were fainting.

You visited 1 branch You collected 4850 gold pieces.
You spent 126 gold pieces at shops.
You paid 3000 gold pieces to Gozag.

Inventory:

Hand Weapons
 a - a +0 war axe (weapon)
 j - a +1 trident of freezing
Armour
 b - a +0 scale mail (worn)
 c - a +0 shield (worn)
 p - a -2 plate armour
 q - a +0 pair of boots (worn)
 r - a +0 pair of gloves (worn)
Wands
 m - a wand of digging (16)
 n - a wand of enslavement (18)
Scrolls
 k - a scroll of blinking
 o - a scroll of remove curse
 t - a scroll of holy word {unknown}
 u - a scroll of identify {unknown}
Potions
 d - a potion of might
 e - 3 potions of curing
 h - a potion of haste
 i - 2 potions of magic
 s - a potion of brilliance
Books
 f - the Incunabulum of Blistering Enhancements
   (You found it in the Dungeon)

   Spells                             Type                      Level
   a - Song of Slaying                Charms                       2
   b - Ozocubu's Armour               Charms/Ice                   3
   c - Conjure Flame                  Conjuration/Fire             3
   d - Ignite Poison                  Fire/Transmutation/Poison    3
   e - Ring of Flames                 Charms/Fire                  7


   Skills:
 + Level 15.7 Fighting
 + Level 16.7 Axes
 + Level 15.6 Armour
 + Level 6.9 Dodging
 + Level 2.7 Stealth
 + Level 15.6 Shields
 + Level 2.5 Evocations


You had 10 spell levels left.
You didn't know any spells.

Dungeon Overview and Level Annotations

Branches:
Dungeon (1/1)

Altars:
Cheibriados
Dithmenos
Elyvilon
Fedhas
Gozag
Hepliaklqana
Kikubaaqudgha
Makhleb
Nemelex Xobeh
Okawaru
Qazlal
Ru
Sif Muna
Trog
Uskayaw
Vehumet
Wu Jian
Xom
Yredelemnul
Zin
The Shining One
Jiyva
Lugonu

Shops:
D **}[:?[!:=:==[[?::*[[


Innate Abilities, Weirdness & Mutations

You reflexively headbutt those who attack you in melee.
You have a pair of horns on your head.
You have an uncontrollable temper.
Scrolls take you much longer to read.
You are very clumsy. (Dex -4)
Armour fits poorly on your strangely shaped body.
Your body often deteriorates upon taking damage.
You are very dopey. (Int -4)
You are extremely frail. (-30% HP)
Your magical capacity is extremely low. (-30% MP)
You frequently scream uncontrollably at your foes.
You do not regenerate when monsters are visible.
You are very weak. (Str -4)
Potions cannot restore your health.
Your spells are much easier to cast, but much less powerful.
You expend magic power (3 MP) to strengthen your wands.


Message History

There is an entrance to Qayz's General Store here.
There is an entrance to Yptang's Book Boutique here.
There is an entrance to Roagerr's Magic Scroll Shoppe here.
There is an entrance to Wasuzuischy's Antique Armour Shop here.
There is an entrance to Zeis's Antique Armour Emporium here.
There is an entrance to Kumen's Jewellery Boutique here.
Unknown command.
Unknown command.
Search for what [Enter for "food", or ? for help]? mutat
There is an entrance to Ronaecakh's Jewellery Shoppe here.
There is an entrance to Zoceedef's Book Shop here.
There is an entrance to Fulus's Jewellery Emporium here.
Unknown command.
You float gracefully downwards.
There is an entrance to Wakhes's Distillery here.
There is an open door here.
You feel a little less clever now.
You have starved to death.
You die...
Your body crumbles into a pile of gold. ###_..__##_.#'##§#####'###... $$#_____###'#.#....###...#...# ###########.####'###(###.#§§## ∩....GGG.+...'.....'.∩##§#.§# $ ##'$GG####.).###########§# $$ ....$$.####.###.......##§# $$$$ ........#.#'#.#.....§..§§# $$$$ ..#.....#.....#...######§# $$$$

........#.....#.@...§§§#§#
$$$
.....#..#######.....§§#§§#
........##...(......§§####
..#.....##.(........≈≈# $
........###.......≈≈≈## $
##'$''### ###..≈≈≈≈### $
∩$.....∩####'######'###


$$$$$ $$......##∩∩########∩∩# ∩......∩###∩∩∩∩∩∩∩∩∩∩## There were no monsters in
sight!

Vanquished Creatures
  2 centaur warriors (D)
  2 unseen horrors (D)
  A lindwurm (D)
  An oklob plant (D)
  3 shining eyes (D)
  A gargoyle (D)
  2 kobold demonologists (D)
  4 demonic crawlers (D)
  A hornet (D)
  A slime creature (D)
  Sigmund (D)
  2 redbacks (D)
  13 hogs (D)
  A yak (D)
  6 floating eyes (D)
  7 necrophages (D)
  An ogre (D)
  8 jellies (D)
  Ijyb (D)
  2 ballistomycetes (D)
60 creatures vanquished.

Vanquished Creatures (others)
  the Lernaean hydra (D)
  Sonja (D)
  A deep troll (D)
  4 hornets (D)
  2 ballistomycete spores (D)
9 creatures vanquished.

Grand Total: 69 creatures vanquished

Notes
Turn   | Place    | Note
-------+----------+-------------------------------------------
     0 | D        | equalderp2856 the Minotaur Fighter began the quest for the Orb.
     0 | D        | Reached XP level 1. HP: 19/19 MP: 0/0
     2 | D        | Noticed Ijyb
     8 | D        | Killed Ijyb
     8 | D        | Reached skill level 5 in Fighting
     8 | D        | Reached skill level 3 in Axes
     8 | D        | Reached skill level 5 in Armour
     8 | D        | Reached skill level 5 in Shields
     8 | D        | Reached XP level 2. HP: 29/29 MP: 1/1
    13 | D        | Noticed an ogre
    18 | D        | Killed an ogre
    18 | D        | Reached skill level 4 in Axes
    18 | D        | Reached XP level 3. HP: 14/39 MP: 2/2
    18 | D        | Reached XP level 4. HP: 17/47 MP: 3/3
   216 | D        | Noticed Sigmund
   228 | D        | Killed Sigmund
   228 | D        | Reached skill level 5 in Axes
   228 | D        | Reached XP level 5. HP: 41/57 MP: 4/4
   228 | D        | Reached XP level 6. HP: 46/63 MP: 5/5
   336 | D        | Found an ornate altar of the Wu Jian Council.
   336 | D        | Found a deep blue altar of Sif Muna.
   338 | D        | Found a radiant altar of Vehumet.
   340 | D        | Reached skill level 1 in Dodging
   351 | D        | Found Nougiub's Armour Emporium.
   351 | D        | Found an ancient bone altar of Kikubaaqudgha.
   351 | D        | Found a hazy altar of Hepliaklqana.
   351 | D        | Found a stormy altar of Qazlal.
   351 | D        | Found a hide-covered altar of Uskayaw.
   351 | D        | Found a blossoming altar of Fedhas.
   351 | D        | Found a bloodstained altar of Trog.
   351 | D        | Found an iron altar of Okawaru.
   351 | D        | Found a basalt altar of Yredelemnul.
   351 | D        | Found a glowing golden altar of the Shining One.
   351 | D        | Found a snail-covered altar of Cheibriados.
   351 | D        | Found a sacrificial altar of Ru.
   351 | D        | Found a glowing silver altar of Zin.
   351 | D        | Found a shadowy altar of Dithmenos.
   351 | D        | Found a white marble altar of Elyvilon.
   351 | D        | Noticed a yak
   355 | D        | Killed a yak
   355 | D        | Reached skill level 10 in Fighting
   355 | D        | Reached skill level 6 in Axes
   355 | D        | Reached skill level 10 in Armour
   356 | D        | Found an opulent altar of Gozag.
   357 | D        | Found a sparkling altar of Nemelex Xobeh.
   523 | D        | Became a worshipper of Gozag Ym Sagoz the Greedy
   576 | D        | Bought a +0 pair of boots for 63 gold pieces
   576 | D        | Bought a +0 pair of gloves for 63 gold pieces
   597 | D        | Noticed a centaur warrior
   598 | D        | Noticed a centaur warrior
   611 | D        | Killed a centaur warrior
   611 | D        | Reached skill level 9 in Axes
   611 | D        | Reached XP level 7. HP: 75/75 MP: 6/6
   611 | D        | Reached XP level 8. HP: 83/83 MP: 7/7
   621 | D        | Killed a centaur warrior
   621 | D        | Reached skill level 10 in Axes
   703 | D        | Noticed a hornet
   708 | D        | Killed a hornet
   781 | D        | Noticed an oklob plant
   879 | D        | Killed an oklob plant
   879 | D        | Reached skill level 11 in Axes
   879 | D        | Reached XP level 9. HP: 65/93 MP: 8/8
  1254 | D        | Paralysed by a floating eye for 3 turns
  1258 | D        | Reached skill level 12 in Axes
  1516 | D        | Killed an unseen horror
  1865 | D        | Killed an unseen horror
  1865 | D        | Reached skill level 13 in Axes
  1865 | D        | Reached skill level 1 in Stealth
  1865 | D        | Reached XP level 10. HP: 101/103 MP: 9/9
  2091 | D        | Identified the Incunabulum of Blistering Enhancements
  2107 | D        | Found Wakhes's Distillery.
  2107 | D        | Found Fuafefechu's Armour Shop.
  2107 | D        | Found Jeariu's Book Boutique.
  2109 | D        | Found Fulus's Jewellery Emporium.
  2109 | D        | Found Zoceedef's Book Shop.
  2109 | D        | Found Ronaecakh's Jewellery Shoppe.
  2109 | D        | Found Kumen's Jewellery Boutique.
  2109 | D        | Found Zeis's Antique Armour Emporium.
  2109 | D        | Found Wasuzuischy's Antique Armour Shop.
  2109 | D        | Found Roagerr's Magic Scroll Shoppe.
  2111 | D        | Found Yptang's Book Boutique.
  2112 | D        | Found Qayz's General Store.
  2112 | D        | Found Ushong's Book Boutique.
  2113 | D        | Found Pusaveb's Antique Armour Emporium.
  2160 | D        | Noticed Sonja
  2169 | D        | Your ally died
  2384 | D        | Found Xeag's Assorted Antiques.
  2394 | D        | Noticed a deep troll
  2422 | D        | Found a burning altar of Makhleb.
  2422 | D        | Found a viscous altar of Jiyva.
  2422 | D        | Found a shimmering altar of Xom.
  2422 | D        | Found a corrupted altar of Lugonu.
  2433 | D        | Reached skill level 14 in Axes
  2710 | D        | Found Zoyng's Armour Emporium.
  2754 | D        | Noticed an orange demon
  2756 | D        | Noticed a soul eater
  2756 | D        | Noticed a sixfirhy
  2758 | D        | Noticed a soul eater
  2760 | D        | Reached skill level 1 in Evocations
  2768 | D        | Reached skill level 5 in Dodging
  2785 | D        | Paralysed by a floating eye for 2 turns
  3285 | D        | Noticed a gargoyle
  3308 | D        | Killed a gargoyle
  3308 | D        | Reached skill level 15 in Axes
  3357 | D        | Noticed a lindwurm
  3372 | D        | Killed a lindwurm
  3372 | D        | Reached skill level 15 in Fighting
  3372 | D        | Reached skill level 15 in Armour
  3643 | D        | Reached XP level 11. HP: 99/111 MP: 11/11
  3658 | D        | Reached skill level 15 in Shields
  3686 | D        | Reached skill level 16 in Axes
  3747 | D        | Noticed a shining eye
  3747 | D        | Noticed a shining eye
  3747 | D        | Noticed a shining eye
  3747 | D        | Noticed a shining eye
  3747 | D        | Noticed a shining eye
  3747 | D        | Noticed a shining eye
  3748 | D        | Paralysed by a floating eye for 4 turns
  3748 | D        | Gained mutation: Scrolls take you a little longer to read. [a shining eye]
  3751 | D        | Gained mutation: Armour fits poorly on your strangely shaped body. [a shining eye]
  3752 | D        | Gained mutation: You have a pair of large horns on your head. [a shining eye]
  3754 | D        | Gained mutation: You tend to lose your temper in combat. [a shining eye]
  3754 | D        | Gained mutation: You are dopey. (Int -2) [a shining eye]
  3755 | D        | Paralysed by a floating eye for 3 turns
  3757 | D        | Gained mutation: Scrolls take you longer to read. [a shining eye]
  3761 | D        | Paralysed by a floating eye for 2 turns
  3761 | D        | Gained mutation: Your magical capacity is low. (-10% MP) [a shining eye]
  3761 | D        | Gained mutation: You are weak. (Str -2) [a shining eye]
  3762 | D        | Gained mutation: You are frail. (-10% HP) [a shining eye]
  3764 | D        | Gained mutation: Your body sometimes deteriorates upon taking damage. [a shining eye]
  3765 | D        | Paralysed by a floating eye for 4 turns
  3765 | D        | Gained mutation: You are very frail. (-20% HP) [a shining eye]
  3770 | D        | Gained mutation: Your spells are a little easier to cast, but a little less powerful. [a shining eye]
  3770 | D        | Paralysed by a floating eye for 2 turns
  3770 | D        | Gained mutation: You are extremely frail. (-30% HP) [a shining eye]
  3772 | D        | Gained mutation: Scrolls take you much longer to read. [a shining eye]
  3773 | D        | Lost mutation: Scrolls take you much longer to read. [a shining eye]
  3774 | D        | Gained mutation: You are very dopey. (Int -4) [a shining eye]
  3775 | D        | Paralysed by a floating eye for 3 turns
  3775 | D        | Gained mutation: You often lose your temper in combat. [a shining eye]
  3777 | D        | Gained mutation: You have an uncontrollable temper. [a shining eye]
  3779 | D        | Paralysed by a floating eye for 4 turns
  3785 | D        | Gained mutation: Your magical capacity is very low. (-20% MP) [a shining eye]
  3787 | D        | Noticed a shining eye
  3787 | D        | Noticed a shining eye
  3787 | D        | Gained mutation: You expend magic power (3 MP) to strengthen your wands. [a shining eye]
  3787 | D        | Gained mutation: Your spells are easier to cast, but less powerful. [a shining eye]
  3788 | D        | Gained mutation: You are clumsy. (Dex -2) [a shining eye]
  3790 | D        | Gained mutation: Your magical capacity is extremely low. (-30% MP) [a shining eye]
  3791 | D        | Gained mutation: You are very weak. (Str -4) [a shining eye]
  3791 | D        | Gained mutation: You are very clumsy. (Dex -4) [a shining eye]
  3793 | D        | Gained mutation: Your body often deteriorates upon taking damage. [a shining eye]
  3794 | D        | Gained mutation: Scrolls take you much longer to read. [a shining eye]
  3795 | D        | Found Agrolipt's Book Shop.
  3795 | D        | Found Gewurupn's Assorted Antiques.
  3795 | D        | Found Rikky's Magic Scroll Boutique.
  3795 | D        | Found Vigeinafov's Gadget Emporium.
  3797 | D        | Gained mutation: You occasionally shout uncontrollably at your foes. [a shining eye]
  3798 | D        | Gained mutation: Potions are less effective at restoring your health. [a shining eye]
  3804 | D        | Paralysed by a floating eye for 2 turns
  3807 | D        | Gained mutation: You sometimes yell uncontrollably at your foes. [a shining eye]
  3810 | D        | Gained mutation: Your spells are much easier to cast, but much less powerful. [a shining eye]
  3810 | D        | Paralysed by a floating eye for 2 turns
  3812 | D        | Gained mutation: Potions are poor at restoring your health. [a shining eye]
  3812 | D        | Gained mutation: You frequently scream uncontrollably at your foes. [a shining eye]
  3813 | D        | Gained mutation: You do not regenerate when monsters are visible. [a shining eye]
  3817 | D        | Gained mutation: Potions cannot restore your health. [a shining eye]
  3826 | D        | Killed a shining eye
  3827 | D        | Killed a shining eye
  3828 | D        | Killed a shining eye
  3829 | D        | Lost mutation: Your body often deteriorates upon taking damage. [a shining eye]
  3832 | D        | Gained mutation: Your body often deteriorates upon taking damage. [a shining eye]
  3836 | D        | Paralysed by a floating eye for 4 turns
  3875 | D        | Lost mutation: Your body often deteriorates upon taking damage. [a shining eye]
  3877 | D        | Gained mutation: Your body often deteriorates upon taking damage. [a shining eye]
  3879 | D        | Lost mutation: You are very weak. (Str -4) [a shining eye]
  3885 | D        | Gained mutation: You are very weak. (Str -4) [a shining eye]
  3914 | D        | Lost mutation: You have a pair of large horns on your head. [a shining eye]
  3971 | D        | Killed the 27-headed Lernaean hydra
  3972 | D        | Starved to death

Skill      XL: |  1  2  3  4  5  6  7  8  9 10 11 |
---------------+----------------------------------+-----
Fighting       | 5 7 9 11 13 14 15 | 15.7
Axes           | 3 4 5 9 11 13 15 16 | 16.7
Armour         | 5 7 9 11 13 14 15 | 15.6
Shields        | 5 7 8 11 12 13 14 15 | 15.6
Dodging        | 2 3 4 6 |  6.9
Stealth        | 1 2 |  2.7
Evocations     | 2 |  2.5

Action                   |  1- 3 |  4- 6 |  7- 9 | 10-12 || total
-------------------------+-------+-------+-------+-------++-------
Melee: War axe           |     9 |    19 |    71 |   197 ||   296
       Headbutt          |     3 |     6 |    17 |    53 ||    79
Invok: Bribe Branch      |       |       |       |     1 ||     1
Evoke: Wand              |       |       |       |     9 ||     9
  Use: Potion            |       |     2 |       |     4 ||     6
       Scroll            |       |       |     2 |       ||     2
 Stab: Distracted        |       |       |     1 |       ||     1
  Eat: Ration            |       |       |     1 |     1 ||     2
Armor: Scale mail        |     4 |     2 |    33 |    43 ||    82
       Plate armour      |       |     4 |    10 |       ||    14
Dodge: Dodged            |     1 |     5 |     7 |    71 ||    84
Block: Shield            |     3 |     6 |    37 |    98 ||   144
